Map: Void Thrashing

Players

sTkmonk

  • Race: Terran Terran
  • Spawn Location: 9:00

monk

  • Race: Terran Terran
  • Spawn Location: 6:00

VOD

Have the link to the VOD?

Description

Time

  • Played on: Sept. 28, 2017, 6:40 a.m.
  • Length: 17:07
Show
View Real Time Build Order
Export as new Build Order

sTkmonk Terran 

Build Orders:  

Get SALT Encoding   

Show
View Real Time Build Order
Export as new Build Order

monk Terran 

Build Orders:  

Get SALT Encoding   

  12  0:06  SCV  
  13  0:23  SCV  
  13  0:28  Supply Depot  
  15  0:40  SCV  
  16  1:01  SCV, Factory  
  16  1:18  SCV  
  17  1:35  SCV  
  17  1:39  Devastation Turret  
  19  1:51  SCV  
  19  1:55  Devastation Turret  
  19  2:08  SCV  
  20  2:25  SCV  
  21  2:32  Command Center  
  22  2:42  SCV  
  22  2:47  Refinery  
  22  2:58  SCV  
  23  3:03  SCV  
  24  3:13  Refinery  
  24  3:15  SCV  
  26  3:20  SCV  
  26  3:27  Refinery  
  27  3:32  SCV  
  27  3:34  Refinery  
  27  3:37  SCV  
  28  3:49  SCV  
  29  3:54  SCV  
  30  4:01  Supply Depot  
  30  4:06  SCV  
  32  4:11  SCV  
  32  4:14  Factory Tech Reactor  
  32  4:23  SCV  
  32  4:28  SCV  
  34  4:32  Starport  
  35  4:40  SCV  
  35  4:45  SCV  
  36  4:55  Supply Depot, Factory Tech Reactor  
  36  4:57  SCV  
  37  5:13  SCV  
  37  5:14  SCV  
  39  5:26  Supply Depot  
  41  5:30  SCV  
  41  5:31  SCV  
  41  5:41  Siege Tank x2  
  41  5:47  Starport Tech Reactor, SCV  
  41  5:48  Hercules  
  51  5:56  Maelstrom Rounds  
  51  5:57  SCV  
  52  6:01  Supply Depot  
  52  6:06  SCV  
  53  6:14  SCV  
  54  6:23  SCV  
  54  6:29  Siege Tank  
  59  6:31  Supply Depot, SCV  
  59  6:32  Siege Tank  
  63  6:40  SCV  
  63  6:48  SCV  
  64  6:57  SCV  
  65  7:03  Supply Depot  
  65  7:04  Siege Tank  
  65  7:05  SCV  
  65  7:07  Science Vessel  
  65  7:08  Siege Tank  
  74  7:14  SCV  
  75  7:25  Science Vessel  
  78  7:33  Supply Depot  
  77  7:41  Improved Nano-Repair  
  77  7:45  Siege Tank x2  
  83  7:50  Armory  
  83  7:56  Siege Tank  
  83  8:13  Upgrade Laser Drill Level 1  
  83  8:19  Supply Depot  
  80  8:22  Factory  
  83  8:36  Goliath x2  
  87  8:40  Terran Vehicle and Ship Weapons Level 1  
  87  8:57  Factory Tech Reactor  
  87  9:07  Supply Depot  
  87  9:08  Supply Depot  
  87  9:09  Goliath  
  89  9:11  Ares-Class Targeting System  
  89  9:13  Defensive Matrix  
  89  9:22  Goliath  
  91  9:33  Goliath  
  91  9:35  Goliath  
  91  9:38  Supply Depot  
  95  9:50  Goliath  
  95  9:54  Goliath  
  99  10:00  Science Vessel  
  99  10:02  Siege Tank  
  101  10:11  Multi-Lock Weapons System  
  101  10:13  Science Vessel  
  101  10:16  Goliath  
  105  10:36  Perdition Turret  
  105  10:38  Perdition Turret  
  105  10:44  Goliath x2  
  109  10:57  Supply Depot  
  109  10:58  Supply Depot  
  109  11:00  Perdition Turret  
  109  11:34  Terran Vehicle and Ship Weapons Level 2  
  109  11:35  Upgrade Laser Drill Level 2  
  109  11:41  Goliath  
  109  11:45  Spinning Dizzy, Goliath  
  113  11:52  Goliath  
  113  11:58  Spinning Dizzy  
  113  11:59  Hercules  
  118  12:00  Goliath  
  120  12:15  Goliath  
  120  12:17  Spinning Dizzy, Goliath  
  124  12:28  Goliath  
  126  12:33  Perdition Turret x3  
  126  12:34  Goliath  
  126  12:37  Spinning Dizzy  
  128  12:47  Goliath  
  128  12:49  Goliath  
  132  13:06  Goliath x2  
  136  13:17  Hercules  
  136  13:19  Goliath  
  141  13:29  Supply Depot  
  141  13:31  Supply Depot  
  141  13:38  Goliath  
  143  13:46  Goliath x2  
  147  13:56  Goliath  
  149  14:02  Supply Depot  
  149  14:20  Goliath x3  
  149  14:28  Goliath  
  157  14:48  Regenerative Bio-Steel  
  157  14:52  Goliath  
  157  14:59  Goliath x2  
  163  15:03  Hercules  
  163  15:07  Siege Tank  
  166  15:16  Siege Tank  
  166  15:17  Siege Tank x3  
  151  15:43  Goliath  
  155  15:52  Goliath x2  
  153  16:17  Goliath  
  153  16:19  Goliath  
  144  16:24  Goliath x2  
Tags
 
Commander
RaynorSwann
Matchup
Co-op
Replay Pack
Co-op Speedrun
Add a new tag
Caveats
  • Supply blocks, unpowered buildings, or Contaminate may cause inaccurate times.
  • Supply counts are checked every 10 seconds.